 Dungeon Crawl Stone Soup version 0.27-a0-1084-g78b3836a5f (webtiles) character file.

Game seed: 13612992365207102753

15 scammafunk the Stinger (level 2, -5/20 HPs)
             Began as a Gnoll Wanderer on Apr 27, 2021.
             Killed from afar by Sigmund (7 damage)
             ... with a puff of flame
             ... on level 2 of the Dungeon.
             The game lasted 00:03:29 (1154 turns).

scammafunk the Stinger (Gnoll Wanderer)             Turns: 1154, Time: 00:03:29

Health: -5/20      AC:  2    Str: 12    XL:     2   Next: 50%
Magic:  1/5        EV: 11    Int: 11    God:
Gold:   6          SH:  0    Dex: 10    Spells: 2/6 levels left

rFire    . . .     SeeInvis .   b - +0 dagger
rCold    . . .     Faith    .   (no shield)
rNeg     . . .     Spirit   .   d - +0 robe
rPois    .         Reflect  .   (no helmet)
rElec    .         Harm     .   (no cloak)
rCorr    .         Rampage  .   (no gloves)
Will     .....                  (no boots)
Stlth    ++........             (no amulet)
HPRegen  0.06/turn              (no ring)
MPRegen  0.09/turn              (no ring)

@: no status effects
A: fangs 1, strong nose, distributed training
a: no special abilities


You were on level 2 of the Dungeon.
You visited 1 branch of the dungeon, and saw 2 of its levels.

You collected 6 gold pieces.

Inventory:

Hand Weapons
 b - a +0 dagger (weapon)
Armour
 d - a +0 robe (worn)
Jewellery
 a - an amulet of faith
 e - a ring of ice
Potions
 c - 2 potions of curing


   Skills:
 + Level 0.4 Fighting
 + Level 0.4 Short Blades
 + Level 0.4 Long Blades
 + Level 0.4 Axes
 + Level 0.4 Maces & Flails
 + Level 4.5 Polearms
 + Level 0.4 Staves
 + Level 0.4 Slings
 + Level 0.4 Bows
 + Level 0.4 Crossbows
 + Level 0.4 Throwing
 + Level 0.4 Armour
 + Level 0.4 Dodging
 + Level 2.2 Stealth
 + Level 2.5 Shields
 + Level 0.4 Unarmed Combat
 + Level 2.7 Spellcasting
 + Level 0.2 Conjurations
 + Level 0.2 Hexes
 + Level 0.2 Summonings
 + Level 0.2 Necromancy
 + Level 0.2 Translocations
 + Level 0.2 Transmutations
 + Level 0.2 Fire Magic
 + Level 0.2 Ice Magic
 + Level 0.2 Air Magic
 + Level 0.2 Earth Magic
 + Level 7.0 Poison Magic
 + Level 0.5 Invocations
 + Level 2.5 Evocations


You had 2 spell levels left.
You knew the following spells:

 Your Spells              Type           Power      Damage    Failure   Level
a - Sting                 Tmut/Pois      36%        1d4       6%          1
b - Poisonous Vapours     Pois/Air       18%        N/A       9%          2
c - Foxfire               Conj/Fire      8%         2x1d4     24%         1

Your spell library contained the following spells:

 Spells                   Type           Power      Damage    Failure   Level
 Olgreb's Toxic Radiance  Pois           17%        N/A       14%         4
 Ignite Poison            Fire/Tmut/Pois 7%         N/A       28%         3
 Mephitic Cloud           Conj/Pois/Air  7%         N/A       28%         3
 Conjure Flame            Conj/Fire      2%         6-21      58%         3


Dungeon Overview and Level Annotations

Branches:
Dungeon (2/15)

Altars:

Annotations:
D:2 Sigmund


Innate Abilities, Weirdness & Mutations

You have very sharp teeth.
Your uncanny sense of smell can sniff out nearby items.
Your experience applies equally to all skills.


Message History

You hit the endoplasm.
The endoplasm is heavily wounded.
The endoplasm hits you but does no damage.
You hit the endoplasm.
The endoplasm is almost dead.
The endoplasm freezes you.
You are frozen.
You hit the endoplasm.
You kill the endoplasm!
Found a stone staircase leading up.
A ball python comes into view.
You miscast Poisonous Vapours.
You are very lightly contaminated with residual magic.
Nothing appears to happen.
The ball python hisses angrily.
Poisonous vapours surround the ball python!
The ball python is engulfed in poison gas.
The ball python is poisoned.
You kill the ball python!
Your magical contamination has completely faded away.
HP restored.
Magic restored.
Found a leather armour.
Found a stone staircase leading up.
Sigmund the Dreaded comes into view.
He is wielding a +4 scythe of freezing.
Sigmund shouts!
Poisonous vapours surround Sigmund!
Sigmund is engulfed in poison gas.
Sigmund is poisoned.
Sigmund casts a spell at you. The magic dart hits you!
Poisonous vapours surround Sigmund!
Sigmund is engulfed in poison gas.
Sigmund looks even sicker.
A dart slug comes into view.
You don't have enough magic to cast this spell.
Sigmund points at you and mumbles some strange words.
The puff of flame hits you!
Ouch! That really hurt!
* * * LOW HITPOINT WARNING * * *
Sigmund gestures at you while chanting. The puff of flame hits you!
You die...

.......#. #.......#
.........###....#@##
.....#.##.......#.#####..
..........#..............
............<.#.#######
#.#......#...#.#
#.......####.#.#
#..###.......#.#
........#.####.@.#
...........# #...#
...........# ###..#
............ ##...
...........# ....
...[......## ......
..##... ...... .....


You could see Sigmund (poisoned).

Vanquished Creatures
  An endoplasm (D:2)
  A giant cockroach (D:1)
  A goblin (D:1)
  A hobgoblin (D:1)
  A kobold (D:1)
  A quokka (D:1)
  3 ball pythons
  3 bats (D:1)
  A frilled lizard (D:1)
  A rat (D:1)
14 creatures vanquished.

Notes
Turn   | Place    | Note
-------+----------+-------------------------------------------
     0 | D:1      | scammafunk the Gnoll Wanderer began the quest for the Orb.
     0 | D:1      | scammafunk set off with the following items: a +0 club, a
                  | potion of curing, a +0 robe; and the following spells
                  | available to memorise: Sting, Poisonous Vapours, Olgreb's
                  | Toxic Radiance, Foxfire, Ignite Poison, Mephitic Cloud,
                  | Conjure Flame
     0 | D:1      | Reached XP level 1. HP: 13/13 MP: 4/4
    13 | D:1      | Learned a level 1 spell: Sting
   576 | D:1      | Reached XP level 2. HP: 19/19 MP: 1/5
  1041 | D:1      | Learned a level 2 spell: Poisonous Vapours
  1043 | D:1      | Learned a level 1 spell: Foxfire
  1143 | D:2      | Noticed Sigmund
  1154 | D:2      | Killed from afar by Sigmund

Illustrated notes

Levels and vault maps discovered:
D:1:      lightli_arrival_boilingwater, layout_basic
D:2:      layout_rooms, basic_ecumenical_altar, uniq_sigmund, uniq_jessica

Action                   || total
-------------------------++-------
Melee: Dagger            ||    10
       Club              ||     1
 Cast: Sting             ||    21
       Poisonous Vapours ||     3
 Stab: Sleeping          ||     2
Armor: Robe              ||     4
Dodge: Dodged            ||    16

Table legend: (Time is in decaauts)
 A = Elapsed time spent in this place.
 B = Non-inter-level travel time spent in this place.
 C = Inter-level travel time spent in this place.
 D = Time resting spent in this place.
 E = Time spent auto-exploring this place.
 F = Levels seen in this place.
 G = Mean time per level.
                   A        B        C        D        E       F      G
               +--------+--------+--------+--------+--------+-----+--------+
         Total |   1156 |   1152 |      4 |    246 |    759 |   2 |  578.0 |
       Dungeon |   1156 |   1152 |      4 |    246 |    759 |   2 |  578.0 |
               +--------+--------+--------+--------+--------+-----+--------+

Top non-repeatable levels by time:
     D:1: 1051 daAuts
     D:2: 104 daAuts
